 Dungeon Crawl Stone Soup version 0.18.1-48-g4cf74bf (webtiles) character file.

626 nikopol the Chopper (level 7, -1/63 HPs)
             Began as a Hill Orc Berserker on Aug 1, 2016.
             Was a Priest of Trog.
             Slain by a killer bee (8 damage)
             ... on level 5 of the Dungeon.
             The game lasted 00:07:50 (2184 turns).

nikopol the Chopper (Hill Orc Berserker)            Turns: 2184, Time: 00:07:51

Health: -1/63      AC: 12    Str: 20    XL:     7   Next: 47%
Magic:  7/7        EV: 11    Int:  7    God:    Trog [***...]
Gold:   178        SH:  0    Dex: 12    Spells: 0 memorised, 6 levels left

rFire  . . .     SeeInvis +     a - +0 hand axe
rCold  + . .     Gourm    .     v - +1 scale mail {rC+}
rNeg   . . .     Faith    .     (no shield)
rPois  .         Spirit   .     e - +2 helmet
rElec  .         Dismiss  .     s - +0 cloak (curse)
rCorr  .         Reflect  .     (no gloves)
SustAt .         Harm     .     (no boots)
MR     ++...                    (no amulet)
Stlth  ..........               (no ring)
                                p - ring of see invisible

@: lethally poisoned (-1 -> -2), exhausted, regenerating, slowed, very slow,
very resistant to hostile enchantments, extremely unstealthy
A: no striking features
a: Berserk, Trog's Hand, Burn Spellbooks, Renounce Religion


You were on level 5 of the Dungeon.
You worshipped Trog.
Trog was most pleased with you.
You were hungry.

You visited 1 branch of the dungeon, and saw 4 of its levels.

You collected 178 gold pieces.

Inventory:

Hand Weapons
 a - a +0 hand axe (weapon)
Missiles
 f - 48 arrows (quivered)
Armour
 b - a +0 animal skin
 e - a +2 helmet (worn)
 l - a +0 chain mail
 s - a cursed +0 cloak (worn)
 v - a +1 scale mail of cold resistance (worn)
Jewellery
 p - a ring of see invisible (left hand)
Scrolls
 g - 2 scrolls of identify {unknown}
 h - a scroll of recharging {unknown}
 i - a scroll of remove curse {unknown}
 k - 3 scrolls of teleportation {unknown}
 o - a scroll of random uselessness {unknown}
Potions
 j - a potion of cure mutation {unknown}
 m - a potion of ambrosia {unknown}
 q - 2 potions of beneficial mutation {unknown}
 r - a potion of lignification {unknown}
 u - 2 potions of curing {unknown}
Comestibles
 c - 5 bread rations
 d - 4 meat rations
 t - 4 fruits


   Skills:
 + Level 6.0 Fighting
 + Level 6.6 Axes
 + Level 4.7 Armour
 + Level 3.3 Dodging


You had 6 spell levels left.
You didn't know any spells.

Dungeon Overview and Level Annotations

Branches:
Dungeon (3/15)

Altars:
Ashenzari
Kikubaaqudgha


Message History

The killer bee is heavily wounded.
You feel very sick. The killer bee closely misses you.
The killer bee barely misses you.
The killer bee stings you but does no damage.
You hit the killer bee.
The killer bee is severely wounded.
You feel sick. The killer bee barely misses you.
The killer bee completely misses you. The killer bee barely misses you.
You miss the killer bee.
The killer bee is severely wounded.
You feel sick. The killer bee barely misses you.
The killer bee stings you but does no damage.
The killer bee stings you.
* * * LOW HITPOINT WARNING * * *
You miss the killer bee.
The killer bee is severely wounded.
You feel sick.
The killer bee stings you but does no damage.
The killer bee closely misses you. The killer bee stings you!
You die...

.. .. .. .# #) y#
.. #. y# #.#
..####.#.# #.#
.........# #.#
##.## #.#
#...###.#
##.#.#@##.#
......y....#
###.#.#.##[#
##...###.# ##.#
#.# #########
#.####.###........
#. #.......#######
#....#### #..#.#


You could see a killer bee.

Vanquished Creatures
  Sigmund (D:2)
  The ghost of Inkary the Twirler, an amateur MiGl (D:3)
  3 killer bees (D:5)
  2 vampire bats (D:3)
  3 gnolls (D:2)
  5 adders
  An ooze (D:1)
  A worm (D:2)
  2 dart slugs
  A giant gecko (D:1)
  An orc (D:3)
  3 bat skeletons (D:3)
  2 bat zombies (D:3)
  8 giant cockroaches
  12 hobgoblins
  2 jackals (D:1)
  A quokka (D:2)
  2 ball pythons
  4 bats
  4 giant newts
  10 goblins
  8 kobolds
  8 rats
85 creatures vanquished.

Notes
Turn   | Place    | Note
--------------------------------------------------------------
     0 | D:1      | nikopol the Hill Orc Berserker began the quest for the Orb.
     0 | D:1      | Reached XP level 1. HP: 19/19 MP: 1/1
   190 | D:1      | Reached XP level 2. HP: 27/27 MP: 2/2
   430 | D:1      | Reached XP level 3. HP: 31/33 MP: 3/3
   849 | D:2      | Reached ** piety under Trog
   971 | D:2      | Reached XP level 4. HP: 41/41 MP: 4/4
  1041 | D:2      | Found a shattered altar of Ashenzari.
  1334 | D:2      | Noticed Sigmund
  1348 | D:2      | Killed Sigmund
  1348 | D:2      | Reached skill level 5 in Fighting
  1348 | D:2      | Reached skill level 5 in Axes
  1348 | D:2      | Reached XP level 5. HP: 48/48 MP: 5/5
  1348 | D:2      | Reached XP level 6. HP: 56/56 MP: 6/6
  1590 | D:3      | Reached *** piety under Trog
  1807 | D:3      | Noticed Inkary's ghost (amateur MiGl)
  1828 | D:3      | Killed Inkary's ghost
  1850 | D:3      | Found an ancient bone altar of Kikubaaqudgha.
  1863 | D:3      | Reached XP level 7. HP: 57/61 MP: 7/7
  2124 | D:3      | You fall through a shaft for 2 floors!
  2124 | D:5      | Entered Level 5 of the Dungeon
  2184 | D:5      | Slain by a killer bee

Skill      XL: |  1  2  3  4  5  6  7 |
---------------+----------------------+-----
Fighting       | 4 5 6 |  6.0
Armour         | 3 4 |  4.7
Dodging        | 2 3 |  3.3
Axes           | 5 6 |  6.6

Action                   |  1- 3 |  4- 6 |  7- 9 || total
-------------------------+-------+-------+-------++-------
Melee: Hand axe          |    92 |   179 |    75 ||   346
Invok: Berserk           |       |     2 |     1 ||     3
       Burn Spellbooks   |       |       |     1 ||     1
       Trog's Hand       |       |       |     1 ||     1
  Eat: Chunk             |       |     4 |     3 ||     7
Armor: Animal skin       |    16 |       |       ||    16
       Chain mail        |    11 |   115 |    28 ||   154
       Scale mail        |       |       |    27 ||    27
Dodge: Dodged            |    63 |    92 |    54 ||   209
